 Dungeon Crawl Stone Soup version 0.18.1-48-g4cf74bf (webtiles) character file.

250 Joat the Slinger (level 6, -7/39 HPs)
             Began as a Halfling Hunter on July 26, 2016.
             Mangled by an ogre
             ... wielding a +0 giant club
              (20 damage)
             ... on level 3 of the Dungeon.
             The game lasted 00:40:01 (3499 turns).

Joat the Slinger (Halfling Hunter)                  Turns: 3499, Time: 00:40:01

Health: -7/39      AC:  4    Str: 13    XL:     6   Next: 35%
Magic:  6/6        EV: 10    Int: 10    God:
Gold:   213        SH:  0    Dex: 16    Spells: 0 memorised, 5 levels left

rFire  . . .     SeeInvis .     x - +2 dagger (freeze)
rCold  . . .     Gourm    .     c - +0 leather armour
rNeg   . . .     Faith    .     (shield restricted)
rPois  +         Spirit   .     o - +0 helmet
rElec  .         Dismiss  .     (no cloak)
rCorr  .         Reflect  .     (no gloves)
SustAt .         Harm     .     (no boots)
MR     .....                    (no amulet)
Stlth  ++........               (no ring)
                                u - ring of poison resistance

@: not resistant to hostile enchantments, unstealthy
A: mutation resistance 1
a: no special abilities


You were on level 3 of the Dungeon.
You were hungry.

You visited 1 branch of the dungeon, and saw 4 of its levels.

You collected 213 gold pieces.

Inventory:

Hand Weapons
 a - a +1 hunting sling
 b - a +0 short sword
 g - a +0 hunting sling
 m - a +0 short sword
 x - a +2 dagger of freezing (weapon)
Missiles
 d - 42 sling bullets
 e - 82 stones (quivered)
 j - 16 poisoned needles
 n - 15 arrows
 r - 22 bolts
Armour
 c - a +0 leather armour (worn)
 l - a +0 robe
 o - a +0 helmet (worn)
 t - a +0 chain mail
Magical Staves
 A - an uncursed staff of air {unknown}
Jewellery
 u - a ring of poison resistance (left hand)
Scrolls
 h - a scroll of identify {unknown}
 p - a scroll of enchant weapon {unknown}
 v - a scroll of fear {unknown}
 w - a scroll of remove curse {unknown}
Potions
 k - a potion of mutation {unknown}
 s - 2 potions of curing {unknown}
Books
 y - a book of Transfigurations

   Spells                             Type                      Level
   a - Irradiate                      Conjuration/Transmutation    5
   b - Statue Form                    Transmutation/Earth          6
   c - Hydra Form                     Transmutation                6
   d - Dragon Form                    Transmutation                7
Comestibles
 f - 4 bread rations
 i - 3 beef jerkies
 q - 5 chunks of flesh
 z - a meat ration


   Skills:
 - Level 1.7 Fighting
 * Level 9.6 Slings
 + Level 1.4 Armour
 + Level 2.5 Dodging
 * Level 2.1 Stealth


You had 5 spell levels left.
You didn't know any spells.

Dungeon Overview and Level Annotations

Branches:
Dungeon (4/15)
 Temple: D:4-7

Altars:
Ashenzari
Xom


Innate Abilities, Weirdness & Mutations

You are small and have problems with some larger weapons.
You are somewhat resistant to further mutation.


Message History

You hit the ogre. You freeze the ogre.
The ogre is moderately wounded.
The ogre closely misses you.
You hit the ogre but do no damage.
The ogre is moderately wounded.
You hit the ogre. You freeze the ogre.
The ogre is moderately wounded.
The ogre misses you.
You hit the ogre. You freeze the ogre.
The ogre is moderately wounded.
The ogre hits you with a giant club!!
Ouch! That really hurt!
* * * LOW HITPOINT WARNING * * *
The ogre misses you.
There is a stone staircase leading up here.
You climb upwards.
There is a stone staircase leading down here.
The ogre hits you with a giant club!!
Ouch! That really hurt!
You die...

.........#
##...##### ...
.......... ..# #.#
##.####### #.# #.#
# ##'##
#.#.###.#.# #.).##
.#.....#. .....##
....... ......##
##.#.#.#
.......####....#@#
.......'.......#O#
.......####....#.#
......## ##.#.#.#
.....## #.....#
#...## ###.###
##'## .# #.# .#
#.# .#


You could see an ogre.

Vanquished Creatures
  A centaur skeleton (D:4)
  A hound (D:4)
  Terence (D:2)
  An iguana (D:4)
  An orc wizard (D:4)
  3 adders
  2 worms
  A dart slug (D:2)
  2 giant geckos
  5 orcs
  6 giant cockroaches
  9 goblins
  14 hobgoblins
  4 kobolds
  A quokka (D:3)
  4 bats
  6 giant newts
  13 rats
75 creatures vanquished.

Notes
Turn   | Place    | Note
--------------------------------------------------------------
     0 | D:1      | Joat the Halfling Hunter began the quest for the Orb.
     0 | D:1      | Reached XP level 1. HP: 14/14 MP: 1/1
    83 | D:1      | Reached skill level 6 in Slings
   132 | D:1      | Reached XP level 2. HP: 19/19 MP: 2/2
   601 | D:1      | Reached XP level 3. HP: 24/24 MP: 3/3
   607 | D:1      | Reached skill level 7 in Slings
  1356 | D:2      | Found a shimmering altar of Xom.
  1650 | D:2      | Noticed Terence
  1663 | D:2      | Killed Terence
  1663 | D:2      | Reached skill level 1 in Armour
  1663 | D:2      | Reached XP level 4. HP: 26/29 MP: 4/4
  2515 | D:3      | Reached skill level 8 in Slings
  2662 | D:3      | Reached XP level 5. HP: 34/34 MP: 5/5
  2769 | D:3      | Found a shattered altar of Ashenzari.
  3207 | D:3      | You fall through a shaft!
  3285 | D:4      | Reached skill level 9 in Slings
  3285 | D:4      | Reached XP level 6. HP: 28/39 MP: 6/6
  3478 | D:4      | Noticed an ogre
  3499 | D:3      | Mangled by an ogre

Skill      XL: |  1  2  3  4  5 |
---------------+----------------+-----
Slings         | 6 7 8 9 |  9.6
Armour         | 1 |  1.4
Stealth        | 2 |  2.1
Fighting       | |  1.7
Dodging        | |  2.5

Action                   |  1- 3 |  4- 6 || total
-------------------------+-------+-------++-------
Melee: Short sword       |    19 |       ||    19
       Dagger            |       |     6 ||     6
 Fire: Hunting sling     |    75 |   139 ||   214
 Stab: Sleeping          |     1 |       ||     1
  Eat: Chunk             |     2 |     5 ||     7
Armor: Leather armour    |     8 |     4 ||    12
Dodge: Dodged            |    36 |    29 ||    65
